 Dungeon Crawl Stone Soup version 0.26-a0-649-gf8c6c3aab7 (webtiles) character file.

Game seed: 3600007484038151461

1 jasper the Sneak (level 1, -1/18 HPs)
             Began as a Demonspawn Delver on Sept 26, 2020.
             Slain by an orc wizard
             ... wielding a +0 dagger
              (2 damage)
             ... on level 4 of the Dungeon.
             The game lasted 00:00:47 (94 turns).

jasper the Sneak (Demonspawn Delver)                  Turns: 94, Time: 00:00:48

Health: -1/18      AC:  5    Str: 12    XL:     1   Next: 16%
Magic:  1/1        EV: 11    Int: 11    God:
Gold:   7          SH:  0    Dex: 14    Spells: 0/0 levels left

rFire    . . .     SeeInvis .   a - +0 hand axe
rCold    . . .     Faith    .   (no shield)
rNeg     . . .     Spirit   .   j - +0 ring mail
rPois    .         Reflect  .   (no helmet)
rElec    .         Harm     .   (no cloak)
rCorr    .         Rampage  .   (no gloves)
MR       .....                  (no boots)
Stlth    ++........             (no amulet)
HPRegen  0.06/turn              (no ring)
MPRegen  0.07/turn              (no ring)

@: hasted, very quick
A: no striking features
a: no special abilities


You were on level 4 of the Dungeon.
You visited 1 branch of the dungeon, and saw 2 of its levels.

You collected 7 gold pieces.

Inventory:

Hand Weapons
 a - a +0 hand axe (weapon)
Missiles
 h - 2 javelins (quivered)
 i - 14 sling bullets
Armour
 b - a +0 leather armour
 j - a +0 ring mail (worn)
Wands
 g - a wand of digging (3)
Scrolls
 c - a scroll of fog
 d - a scroll of magic mapping
 e - a scroll of fear


   Skills:
 + Level 3.0 Fighting
 * Level 1.8 Axes
 + Level 0.0 Armour
 + Level 1.8 Dodging
 - Level 4.5 Stealth


You couldn't memorise any spells.
You didn't know any spells.
Your spell library was empty.

Dungeon Overview and Level Annotations

Branches:
Dungeon (5/15)
 Temple: D:4-7

Altars:

Annotations:
D:4 exclusion: worker ant, Menkaure


Message History

The orc wizard casts a spell at you. The puff of frost misses you.
You closely miss the orc wizard.
The orc wizard is moderately wounded.
You barely miss the orc wizard.
The orc wizard hits you with a +0 dagger.
* * * LOW HITPOINT WARNING * * *
The orc wizard completely misses you. The orc wizard misses you.
Your ring mail prevents you from hitting the orc wizard.
The orc wizard is moderately wounded.
You hit the orc wizard.
The orc wizard hits you but does no damage.
The orc wizard closely misses you.
Your ring mail prevents you from hitting the orc wizard.
The orc wizard is moderately wounded.
You hit the orc wizard.
The orc wizard hits you with a +0 dagger.
* * * LOW HITPOINT WARNING * * *
The orc wizard hits you with a +0 dagger.
You die...

# #.# ....###
......o#####
#.@oo.##
####...######
##.....#...##
#...?.......##
#.............#
...#...........#
..###...........#
## ##.........##
...........#


You could see 2 orc wizards and an orc.

Vanquished Creatures
  A quokka (D:4)
1 creature vanquished.

Notes
Turn   | Place    | Note
-------+----------+-------------------------------------------
     0 | D:5      | jasper the Demonspawn Delver began the quest for the Orb.
     0 | D:5      | Reached XP level 1. HP: 18/18 MP: 1/1
    12 | D:5      | Noticed a howler monkey
    45 | D:4      | Noticed a worker ant
    56 | D:4      | Noticed a howler monkey
    58 | D:4      | Noticed Menkaure
    75 | D:4      | Noticed an orc wizard
    75 | D:4      | Noticed an orc wizard
    94 | D:4      | Slain by an orc wizard

Illustrated notes

Levels and vault maps discovered:
D:4:      minmay_chambers_of_twos, layout_rooms, serial_shops, shop,
          gammafunk_ghost_necromancy, st_stairs_1, uniq_blork_the_orc,
          uniq_eustachio, uniq_menkaure, uniq_sigmund
D:5:      layout_rooms, minmay_temple_entry_sparse_star,
          gammafunk_ghost_abyssal_escape

Action                   || total
-------------------------++-------
Melee: Hand axe          ||    13
Throw: Javelin           ||     1
  Use: Potion            ||     2
Armor: Ring mail         ||     2
Dodge: Dodged            ||     9

Table legend: (Time is in decaauts)
 A = Elapsed time spent in this place.
 B = Non-inter-level travel time spent in this place.
 C = Inter-level travel time spent in this place.
 D = Time resting spent in this place.
 E = Time spent auto-exploring this place.
 F = Levels seen in this place.
 G = Mean time per level.
                   A        B        C        D        E       F      G
               +--------+--------+--------+--------+--------+-----+--------+
         Total |     93 |     93 |      0 |      0 |     13 |   2 |   46.5 |
       Dungeon |     93 |     93 |      0 |      0 |     13 |   2 |   46.5 |
               +--------+--------+--------+--------+--------+-----+--------+

Top non-repeatable levels by time:
     D:4: 61 daAuts
     D:5: 31 daAuts
